 Dungeon Sprint DCSS version 0.19.1 (webtiles) character file.

3683 equalderp2856 the Ripper (level 9, -7/40 HPs)
             Began as a Felid Fighter on Dec 2, 2016.
             Was a Priest of Hepliaklqana.
             Mangled by an orc knight
             ... wielding a +0 bardiche
              (10 damage)
             ... in the Dungeon (Sprint IX: "|||||||||||||||||||||||||||||").
             The game lasted 00:09:45 (3734 turns).

equalderp2856 the Ripper (Felid Fighter)            Turns: 3734, Time: 00:09:45

Health: -7/40      AC:  2    Str: 13    XL:     9   Next: 90%
Magic:  10/10      EV: 34    Int: 12    God:    Hepliaklqana [***...]
Gold:   736        SH:  0    Dex: 19    Spells: 0 memorised, 8 levels left
                                        Lives:  0   Deaths: 3

rFire  . . .     SeeInvis +       - Unarmed
rCold  . . .     Gourm    .     (armour unavailable)
rNeg   . . .     Faith    .     (shield unavailable)
rPois  .         Spirit   .     (helmet unavailable)
rElec  .         Reflect  .     (cloak unavailable)
rCorr  .         Harm     .     (gloves unavailable)
MR     +....     NoTele   +     (boots unavailable)
Stlth  +++++.....               (no amulet)
                                n - +3 ring of dexterity
                                m - +2 ring of evasion

@: quick
A: no armour, no weapons or thrown items, stealth, reduced essence, claws 1,
fangs 3, see invisible, carnivore 3, speed 1, shaggy fur 2, slow metabolism 1,
sharp paws
a: Recall Ancestor, Ancestor Identity, Transference, Renounce Religion


You were in the Dungeon.
You worshipped Hepliaklqana.
Hepliaklqana was most pleased with you.
You were not hungry.

You visited 1 branch You collected 736 gold pieces.

Inventory:

Jewellery
 m - a +2 ring of evasion (left paw)
 n - a +3 ring of dexterity (right paw)
Wands
 l - a wand of iceblast (6/15)
Scrolls
 h - 3 scrolls of blinking
 j - 3 scrolls of remove curse
 k - 2 scrolls of amnesia
 r - a scroll of identify
 s - a scroll of fog
 t - a scroll of fear
Potions
 a - 2 potions of might
 c - 4 potions of curing
 d - 3 potions of heal wounds
 e - 3 potions of haste
 f - 4 potions of magic
 g - a potion of berserk rage
 i - a potion of invisibility
 o - a potion of agility
 p - a potion of cure mutation
 q - a potion of brilliance
 u - a potion of ambrosia
Comestibles
 b - 13 meat rations


   Skills:
 + Level 8.9 Fighting
 + Level 15.2 Dodging
 + Level 10.0 Stealth
 + Level 20.2 Unarmed Combat
 + Level 1.0 Evocations


You had 8 spell levels left.
You didn't know any spells.

Dungeon Overview and Level Annotations

Branches:
Dungeon (1/1)

Altars:
Cheibriados
Dithmenos
Elyvilon
Fedhas
Gozag
Hepliaklqana
Kikubaaqudgha
Makhleb
Nemelex Xobeh
Okawaru
Qazlal
Ru
Sif Muna
Trog
Uskayaw
Vehumet
Xom
Yredelemnul
Zin
The Shining One
Beogh
Jiyva
Lugonu


Innate Abilities, Weirdness & Mutations

You cannot wear armour.
You are incapable of wielding weapons or throwing items.
Your paws allow you to move quietly. (Stealth)
You have sharp claws.
You have razor-sharp teeth.
You have supernaturally acute eyesight. (SInv)
You are carnivorous and can eat meat at any time.
You cover ground quickly.
You are covered in thick fur. (AC +2)
You have a slow metabolism.
Your sharp claws are effective at attacking unaware monsters.
Your life essence is reduced. (-10% HP)


Message History

Ouch! That really hurt!
You swap places.
Xiloxoch barely misses the orc knight.
Things that are here:
a flail; a scale mail The orc knight completely misses you.
Xiloxoch closely misses the orc knight.
Xiloxoch hits the orc knight but does no damage.
The orc knight completely misses you.
Xiloxoch misses the orc knight.
The orc knight completely misses you.
Xiloxoch hits the orc knight with a flail.
The orc knight misses you.
Xiloxoch hits the orc knight with a flail.
The orc knight completely misses you.
Xiloxoch hits the orc knight with a flail.
Xiloxoch hits the orc knight with a flail!
The orc knight hits you from afar with a bardiche!
* * * LOW HITPOINT WARNING * * *
Xiloxoch hits the orc knight with a flail.
The orc knight hits you from afar with a bardiche!
You die...

▓▓▓▓▓▓▓▓▓▓▓▓▓▓▓▓▓▓▓▓▓▓▓▓▓▓▓▓▓▓▓▓▓
)....)..())))(()@Ro.....')o$o$ooo
▓▓▓▓▓▓▓▓▓▓▓▓▓▓▓▓▓▓▓▓▓▓▓▓▓▓▓▓▓▓▓▓▓
).)................)...)).)......
▓▓▓▓▓▓▓▓▓▓▓▓▓▓▓▓▓▓▓▓▓▓▓▓▓▓▓▓▓▓▓▓▓
....'.....(....?.†'†........'....
▓▓▓▓▓▓▓▓▓▓▓▓▓▓▓▓▓▓▓▓▓▓▓▓▓▓▓▓▓▓▓▓▓
.................................
▓▓▓▓▓▓▓▓▓▓▓▓▓▓▓▓▓▓▓▓▓▓▓▓▓▓▓▓▓▓▓▓▓
.'))...†.....'___________________


You could see the friendly Xiloxoch the knight and an orc knight.

Vanquished Creatures
  An orc high priest (D)
  A lindwurm (D)
  An orc knight (D)
  Maurice (D)
  A black mamba (D)
  Joseph (D)
  3 spiny frogs (D)
  3 tyrant leeches (D)
  3 hippogriffs (D)
  2 yaks (D)
  A hungry ghost (D)
  2 water moccasins (D)
  2 porcupines (D)
  9 orc warriors (D)
  An ice beast (D)
  A black bear (D)
  2 ogres (D)
  A wolf (D)
  3 crocodiles (D)
  3 orc priests (D)
  A hound (D)
  2 orc wizards (D)
  3 worms (D)
  A dart slug (D)
  8 orcs (D)
  A bat skeleton (D)
  A goblin (D)
  2 hobgoblins (D)
  A quokka (D)
  A bat (D)
  A quokka zombie (D)
64 creatures vanquished.

Vanquished Creatures (collateral kills)
  A lindwurm (D)
  A spiny frog (D)
  A komodo dragon (D)
  A mottled dragon (D)
  2 orc warriors (D)
  An adder (D)
  A worm (D)
8 creatures vanquished.

Vanquished Creatures (others)
  16 knights (D)
  4 ancestors (D)
20 creatures vanquished.

Grand Total: 92 creatures vanquished

Notes
Turn   | Place    | Note
-------+----------+-------------------------------------------
     0 | D        | equalderp2856 the Felid Fighter began the quest for the Orb.
     0 | D        | Reached XP level 1. HP: 10/10 MP: 2/2
    21 | D        | Reached skill level 5 in Unarmed Combat
   105 | D        | Noticed a hound
   108 | D        | Reached XP level 2. HP: 14/14 MP: 3/3
   115 | D        | Reached skill level 5 in Dodging
   115 | D        | Reached skill level 6 in Unarmed Combat
   115 | D        | Reached XP level 3. HP: 12/18 MP: 4/4
   217 | D        | Found a roughly hewn altar of Beogh.
   217 | D        | Found a snail-covered altar of Cheibriados.
   217 | D        | Found a shadowy altar of Dithmenos.
   217 | D        | Found a white marble altar of Elyvilon.
   217 | D        | Found a blossoming altar of Fedhas.
   217 | D        | Found an opulent altar of Gozag.
   218 | D        | Found a hazy altar of Hepliaklqana.
   219 | D        | Found a viscous altar of Jiyva.
   220 | D        | Found an ancient bone altar of Kikubaaqudgha.
   221 | D        | Found a corrupted altar of Lugonu.
   222 | D        | Found a burning altar of Makhleb.
   223 | D        | Found a sparkling altar of Nemelex Xobeh.
   224 | D        | Found an iron altar of Okawaru.
   225 | D        | Found a stormy altar of Qazlal.
   226 | D        | Became a worshipper of Hepliaklqana the Forgotten
   227 | D        | Found a sacrificial altar of Ru.
   228 | D        | Found a deep blue altar of Sif Muna.
   229 | D        | Found a bloodstained altar of Trog.
   230 | D        | Found a hide-covered altar of Uskayaw.
   231 | D        | Found a radiant altar of Vehumet.
   232 | D        | Found a shimmering altar of Xom.
   233 | D        | Found a basalt altar of Yredelemnul.
   234 | D        | Found a glowing silver altar of Zin.
   235 | D        | Found a glowing golden altar of the Shining One.
   262 | D        | Noticed an ogre
   262 | D        | Noticed a black bear
   262 | D        | Noticed an ice beast
   262 | D        | Noticed a hungry ghost
   274 | D        | Killed an ogre
   274 | D        | Reached skill level 5 in Fighting
   274 | D        | Reached skill level 8 in Unarmed Combat
   274 | D        | Reached XP level 4. HP: 20/20 MP: 5/5
   281 | D        | HP: 1/20 [black bear (1)]
   284 | D        | Killed a black bear
   284 | D        | Reached skill level 10 in Unarmed Combat
   284 | D        | Reached XP level 5. HP: 12/24 MP: 6/6
   487 | D        | Killed an ice beast
   487 | D        | Gained mutation: You are covered in thick fur. (AC +2) [Felid growth]
   487 | D        | Reached XP level 6. HP: 27/27 MP: 7/7
   531 | D        | Reached skill level 11 in Unarmed Combat
   539 | D        | Killed a hungry ghost
   539 | D        | Reached skill level 1 in Stealth
   541 | D        | Noticed a gargoyle
   541 | D        | Noticed a mottled dragon
   541 | D        | Noticed a yak
   541 | D        | Noticed an orc warrior
   554 | D        | Killed from afar by a gargoyle
   555 | D        | Reached XP level 5. HP: -19/25 MP: 6/6
   555 | D        | Reached * piety under Hepliaklqana
   576 | D        | Killed an ogre
   576 | D        | Reached skill level 12 in Unarmed Combat
   576 | D        | Reached XP level 6. HP: 29/29 MP: 7/7
   583 | D        | Killed an orc warrior
   656 | D        | Reached ** piety under Hepliaklqana
   669 | D        | Remembered your ancestor Xiloxoch as a knight
   699 | D        | Killed a yak
   699 | D        | Reached skill level 10 in Dodging
   699 | D        | Reached skill level 13 in Unarmed Combat
   699 | D        | Reached XP level 7. HP: 31/32 MP: 8/8
   780 | D        | Noticed a spiny frog
   780 | D        | Noticed a hippogriff
   780 | D        | Noticed a hippogriff
   780 | D        | Noticed a yak
   781 | D        | Noticed a spiny frog
   795 | D        | Killed a spiny frog
   799 | D        | Reached skill level 14 in Unarmed Combat
   999 | D        | Killed a hippogriff
   999 | D        | Reached XP level 8. HP: 33/36 MP: 9/9
  1005 | D        | Killed a hippogriff
  1018 | D        | Reached skill level 15 in Unarmed Combat
  1209 | D        | Reached skill level 5 in Stealth
  1330 | D        | Killed a spiny frog
  1410 | D        | Reached skill level 16 in Unarmed Combat
  1410 | D        | Reached XP level 9. HP: 18/39 MP: 10/10
  1424 | D        | Noticed a black mamba
  1424 | D        | Noticed a spiny frog
  1424 | D        | Noticed a spiny frog
  1430 | D        | Killed a black mamba
  1624 | D        | Killed a spiny frog
  1624 | D        | Reached skill level 1 in Evocations
  1644 | D        | Reached skill level 17 in Unarmed Combat
  1948 | D        | Killed a spiny frog
  1995 | D        | Noticed a komodo dragon
  2003 | D        | Killed a komodo dragon
  2082 | D        | Noticed a tyrant leech
  2082 | D        | Noticed a lindwurm
  2082 | D        | Noticed a lindwurm
  2093 | D        | Noticed a tyrant leech
  2100 | D        | Noticed a tyrant leech
  2102 | D        | Killed a tyrant leech
  2102 | D        | Reached skill level 18 in Unarmed Combat
  2102 | D        | Reached XP level 10. HP: 41/44 MP: 11/11
  2628 | D        | Killed a lindwurm
  2632 | D        | Killed from afar by a lindwurm
  2633 | D        | Reached XP level 9. HP: -16/40 MP: 10/10
  2640 | D        | Killed a lindwurm
  2675 | D        | Killed a tyrant leech
  2687 | D        | Killed a tyrant leech
  2865 | D        | Noticed Maurice
  2870 | D        | Noticed Joseph
  2872 | D        | Killed Maurice
  2872 | D        | Reached skill level 19 in Unarmed Combat
  2882 | D        | Killed Joseph
  2888 | D        | Reached *** piety under Hepliaklqana
  2930 | D        | Reached XP level 10. HP: 44/44 MP: 11/11
  3132 | D        | Noticed an orc knight
  3135 | D        | Noticed an orc high priest
  3415 | D        | Mangled by an orc knight
  3416 | D        | Reached XP level 9. HP: -9/40 MP: 10/10
  3471 | D        | Killed an orc knight
  3471 | D        | Reached skill level 15 in Dodging
  3680 | D        | Killed an orc high priest
  3680 | D        | Reached skill level 10 in Stealth
  3680 | D        | Reached skill level 20 in Unarmed Combat
  3718 | D        | Noticed an orc knight
  3734 | D        | Mangled by an orc knight

Skill      XL: |  1  2  3  4  5  6  7  8  9 10 |
---------------+-------------------------------+-----
Unarmed Combat | 5 6 8 10 12 13 14 16 20 | 20.2
Fighting       | 4 5 7 8 |  8.9
Dodging        | 5 6 7 8 10 11 12 15 14 | 15.2
Stealth        | 2 1 4 5 10 | 10.0
Evocations     | 1 |  1.0

Action                   |  1- 3 |  4- 6 |  7- 9 | 10-12 || total
-------------------------+-------+-------+-------+-------++-------
Melee: Unarmed           |    33 |    40 |   149 |    34 ||   256
       Bite              |     2 |     6 |    18 |     1 ||    27
       Punch             |     1 |     6 |    12 |     2 ||    21
Invok: Ancestor Life: Kn |       |     1 |       |       ||     1
Evoke: Wand              |       |     1 |       |       ||     1
  Use: Potion            |       |     2 |     1 |       ||     3
 Stab: Sleeping          |       |     1 |     5 |     1 ||     7
  Eat: Chunk             |       |       |     2 |     4 ||     6
Armor: Skin              |     3 |       |       |       ||     3
Dodge: Dodged            |    23 |    34 |   105 |    19 ||   181
